Map: Nightshade LE

Players

Danko

  • Race: Terran Terran
  • League: Gold
  • Spawn Location: 11:00

LoliChan - Winner!

  • Race: Terran Terran
  • League: Platinum
  • Spawn Location: 5:00

VOD

Have the link to the VOD?

Description

Time

  • Played on: March 6, 2020, 5:17 p.m.
  • Length: 16:12
Show
View Real Time Build Order
Export as new Build Order

Danko Terran 

Build Orders: Gas First Reaper Expand 

Get SALT Encoding   

  12  0:01  SCV  
  13  0:13  SCV  
  14  0:17  Supply Depot  
  14  0:25  SCV  
  15  0:30  Refinery  
  15  0:38  SCV  
  16  0:46  Barracks  
  16  0:52  SCV  
  17  1:04  SCV  
  18  1:17  SCV  
  19  1:33  Reaper  
  20  1:41  Orbital Command  
  20  2:02  Command Center  
  21  2:09  SCV  
  21  2:11  Refinery  
  22  2:16  Supply Depot  
  21  2:26  Barracks Reactor  
  21  2:27  Factory  
  21  2:28  SCV  
  22  2:39  Engineering Bay  
  22  2:41  SCV  
  22  3:06  SCV  
  22  3:07  Marine x2  
  25  3:13  Starport  
  25  3:14  Factory Tech Lab  
  25  3:21  SCV  
  25  3:23  Orbital Command  
  26  3:30  Marine x2  
  26  3:33  SCV, Siege Tank  
  32  3:53  Marine x2  
  32  3:54  Starport Reactor  
  33  3:58  SCV  
  33  3:59  Barracks  
  33  4:00  SCV, Barracks  
  35  4:07  Siege Tank  
  38  4:11  SCV  
  38  4:14  Marine x2  
  41  4:24  SCV  
  41  4:25  SCV  
  43  4:32  Marine, Medivac  
  46  4:39  Missile Turret  
  46  4:41  Missile Turret  
  46  4:49  Barracks Reactor, Barracks Tech Lab  
  46  4:57  Marine x2, Medivac, SCV x2  
  52  5:00  Supply Depot x2  
  52  5:09  Marauder, Stimpack  
  54  5:21  SCV  
  54  5:22  SCV, Marine x2  
  54  5:25  Siege Tank  
  58  5:40  Marine x2  
  58  5:41  Marine x3  
  63  5:43  Medivac  
  63  5:45  SCV  
  63  5:46  SCV  
  67  6:10  Marine  
  67  6:11  Marine x2  
  70  6:14  Command Center  
  70  6:16  Marine x2, Siege Tank  
  75  6:18  Supply Depot  
  75  6:28  SCV x2  
  75  6:30  Marine  
  78  6:40  Marine x2, Medivac  
  78  6:42  Supply Depot  
  82  7:10  SCV x2, Marine x3  
  82  7:11  Marine x2  
  82  7:13  Siege Tank  
  92  7:19  Medivac  
  94  7:23  Refinery  
  94  7:24  Refinery  
  94  7:25  Supply Depot, SCV x2, Medivac  
  94  7:28  Supply Depot  
  94  7:29  Supply Depot  
  98  7:42  SCV  
  98  7:43  SCV, Marine x4  
  98  7:44  Marine  
  105  7:49  Barracks  
  105  7:51  Supply Depot  
  105  7:53  Terran Infantry Weapons Level 1, Barracks  
  105  7:59  Orbital Command  
  105  8:02  SCV x2  
  107  8:07  Marine x2  
  107  8:08  Marine x2  
  111  8:14  SCV x2  
  106  8:40  SCV x3  
  109  8:54  Marine x4  
  109  8:55  Barracks Reactor  
  114  8:57  Barracks Reactor  
  109  9:23  SCV x3  
  106  9:34  Marine x5  
  106  9:35  Marine x3  
  106  9:36  Marauder, Siege Tank, Medivac  
  106  9:37  Medivac  
  123  9:45  SCV x3  
  126  9:57  SCV x3, Marine x4  
  126  9:58  Marine x4  
  126  9:59  Marauder  
  139  10:04  Refinery  
  139  10:05  Refinery, Command Center  
  139  10:14  Siege Tank  
  141  10:15  Command Center  
  141  10:19  Terran Infantry Armor Level 1  
  141  10:22  Engineering Bay  
  141  10:23  Armory  
  141  10:24  Marine x8  
  141  10:26  Supply Depot  
  149  10:29  Supply Depot  
  149  10:30  Supply Depot  
  149  10:40  Barracks  
  149  10:41  Barracks  
  149  10:44  Barracks  
  149  10:48  SCV x3  
  152  10:50  Marine x3  
  152  10:51  Marine x5  
  148  11:17  Marine  
  148  11:18  Marine x8  
  156  11:36  Marine  
  156  11:37  Marine x9  
  131  12:02  Marine  
  131  12:03  Marine x11  
  131  12:04  Siege Tank  
  131  12:05  Medivac x2  
  113  12:43  Marine  
  113  12:44  Marine x9  
  101  13:01  Marine  
  94  13:08  Marine x6  
  92  13:35  Marine x2  
  92  13:36  Marine x3  
  91  13:42  Marine  
  91  13:47  SCV x2  
  93  13:51  Barracks Reactor x2  
  93  13:55  Barracks Reactor  
  93  13:59  SCV x2  
  86  14:09  Marine  
  86  14:10  Marine x2  
  86  14:11  SCV x2, Siege Tank  
  86  14:12  Medivac x2  
  86  14:17  Barracks Reactor  
  95  14:23  Command Center  
  95  14:27  Marine  
  95  14:28  Marine x6  
  102  14:34  Marine x2  
  104  14:45  Marine  
  104  14:46  SCV x2, Marine x2  
  104  14:49  Siege Tank, Medivac  
  104  14:50  Medivac  
  104  14:51  Barracks Reactor  
  66  15:07  Marine  
  66  15:08  Marine x9  
  60  15:25  Marine  
  60  15:26  Marine x7  
  58  15:40  Marine x2  
  54  15:43  Marine x3  
Show
View Real Time Build Order
Export as new Build Order

LoliChan Terran - Winner!

Build Orders: 1/1/1 

Get SALT Encoding   

  12  0:01  SCV  
  13  0:13  SCV  
  14  0:20  Supply Depot  
  14  0:27  Refinery  
  14  0:30  SCV  
  15  0:43  Barracks  
  15  0:46  SCV  
  16  0:54  Supply Depot  
  16  0:59  SCV  
  17  1:12  SCV  
  18  1:22  Refinery  
  18  1:24  SCV  
  19  1:36  Factory  
  19  1:41  Orbital Command  
  19  2:07  Reaper  
  19  2:17  Barracks  
  19  2:22  Starport  
  19  2:27  Factory Reactor  
  19  2:31  SCV  
  20  2:39  Barracks Tech Lab  
  20  2:43  SCV  
  21  2:55  SCV  
  22  3:01  Starport Reactor  
  22  3:04  Stimpack  
  22  3:07  SCV  
  23  3:19  SCV  
  24  3:23  Command Center  
  24  3:26  Marine  
  25  3:27  Marine  
  25  3:30  Marine  
  25  3:31  SCV  
  28  3:37  Supply Depot  
  28  3:50  SCV  
  28  3:55  Medivac  
  30  4:02  SCV  
  31  4:04  Marine  
  31  4:05  Marine x2  
  34  4:11  Medivac  
  34  4:14  SCV  
  37  4:19  Supply Depot  
  37  4:22  Marine  
  38  4:26  SCV  
  39  4:34  Marine x2  
  39  4:37  Orbital Command  
  41  4:40  Marine  
  42  4:46  Combat Shield  
  42  4:47  SCV  
  42  4:52  Marine  
  44  4:56  Factory Tech Lab  
  44  4:59  SCV  
  45  5:04  SCV  
  46  5:11  SCV  
  47  5:16  Siege Tank  
  47  5:17  SCV  
  51  5:23  SCV  
  50  5:29  SCV  
  44  5:35  SCV  
  44  5:39  Marine x3  
  51  5:44  Medivac x2  
  51  5:49  SCV x2  
  52  5:52  Command Center  
  52  5:56  Marine x2  
  52  5:57  Marine  
  55  6:05  Concussive Shells  
  55  6:06  Siege Tank  
  55  6:07  SCV x2  
  60  6:14  Marine x3  
  63  6:18  Refinery  
  63  6:19  Refinery, SCV x2  
  65  6:31  SCV x2  
  65  6:32  Marine x3  
  69  6:37  Engineering Bay  
  69  6:39  Engineering Bay  
  70  6:59  SCV, Supply Depot, Marine  
  70  7:00  SCV, Supply Depot  
  70  7:03  Siege Tank  
  70  7:07  Terran Infantry Weapons Level 1, Terran Infantry Armor Level 1  
  71  7:10  Armory  
  71  7:18  Orbital Command  
  71  7:25  Marine x2  
  71  7:26  Marine, Command Center  
  71  7:29  Command Center  
  74  7:43  Marine x3  
  77  7:50  Barracks  
  77  7:51  Barracks  
  77  7:52  Command Center  
  77  7:57  Terran Vehicle And Ship Armor Level 1  
  77  8:01  Marine x3  
  80  8:08  SCV  
  80  8:09  SCV  
  82  8:13  Refinery  
  82  8:18  Refinery  
  82  8:19  Marine x2  
  84  8:21  SCV  
  84  8:22  SCV x2  
  87  8:33  SCV  
  87  8:34  SCV  
  67  8:45  Barracks Reactor x2  
  60  8:49  Marine x3  
  60  8:52  Siege Tank  
  65  9:01  Terran Infantry Weapons Level 2, Terran Infantry Armor Level 2  
  63  9:07  Marine x3  
  64  9:24  Siege Tank  
  63  9:25  Marine x2  
  64  9:34  Marine x5  
  66  9:42  Marine  
  66  9:43  Marine  
  67  9:52  Marine x5, Terran Vehicle And Ship Armor Level 2  
  68  9:55  Medivac x2  
  68  9:56  Siege Tank  
  79  10:00  Marine x2  
  81  10:09  Marine  
  81  10:11  Marine x3  
  81  10:12  Marine  
  85  10:17  Orbital Command  
  85  10:18  Marine x2  
  87  10:28  Siege Tank  
  90  10:35  Marine x3  
  91  10:41  Command Center  
  93  10:45  Marine x4  
  97  10:53  Marine  
  79  11:21  Terran Infantry Weapons Level 3  
  76  11:45  Marine  
  76  11:46  Marine x6  
  75  12:03  Marine  
  75  12:04  Marine x6  
  72  12:21  Marine x7  
  77  12:30  Barracks  
  77  12:31  Barracks  
  75  12:39  Marine x7  
  76  12:46  Medivac  
  76  12:47  Medivac  
  78  12:52  Planetary Fortress  
  78  12:57  Marine x7  
  80  13:14  Marine  
  80  13:15  Marine x6  
  80  13:16  Medivac, Terran Infantry Armor Level 3  
  80  13:17  Medivac  
  91  13:33  Marine  
  86  13:41  Orbital Command  
  86  13:46  Medivac  
  88  14:01  Medivac  
  87  14:15  Marine  
  87  14:16  Marine x6  
  94  14:19  Barracks Reactor  
  94  14:23  SCV  
  94  14:24  SCV  
  96  14:28  SCV x2  
  98  14:33  Marine  
  98  14:34  Marine x6  
  105  14:40  Barracks Reactor  
  105  14:51  Marine x7  
  87  15:09  Marine x7  
  92  15:16  Marine  
  92  15:17  Marine x3  
  95  15:27  Marine x7  
  102  15:34  Marine  
  102  15:35  Marine x3  
  100  15:43  SCV x5  
  100  15:44  Marine  
  100  15:45  Marine x6  
  110  15:52  Marine x4  
  110  15:55  SCV x5  
Tags
 
Add a new tag
Caveats
  • Supply blocks, unpowered buildings, or Contaminate may cause inaccurate times.
  • Supply counts are checked every 10 seconds.